 Dungeon Crawl Stone Soup version 0.28-a0-503-g83f2989fac (webtiles) character file.

Game seed: 8475302989491337069

4080 lunkers the Thaumaturge (level 10, -13/78 HPs)
             Began as a Djinni Cinder Acolyte on Sept 20, 2021.
             Was a High Priest of Ignis.
             Killed from afar by an acid dragon (35 damage)
             ... with a splash of acid
             ... on level 7 of the Dungeon.
             The game lasted 00:11:35 (9730 turns).

lunkers the Thaumaturge (Djinni Cinder Acolyte)     Turns: 9730, Time: 00:11:35

Health: -13/78     AC: -4    Str: 13    XL:     10   Next: 49%
Gold:   292        EV:  7    Int: 18    God:    Ignis [*****.] SH:  8 Dex: 10

rFire   + + .      SeeInvis .   t - +1 short sword (elec)
rCold   . . .      Faith    .   n - +2 kite shield
rNeg    + . .      Spirit   .   J - +0 troll leather armour
rPois   ∞          Reflect  .   (no helmet)
rElec   .          Harm     .   (no cloak)
rCorr   .          Rampage  .   (no gloves)
Will    +....                   (boots unavailable)
Stlth   +.........              (no amulet)
HPRegen 1.23/turn               d - ring of positive energy
MPRegen 0.00/turn               p - ring of ice

@: corroded, flying
A: sickness immunity, fire resistance 2, cold vulnerability 1, float, innate
caster, hp casting, extra vitality 1
a: Renounce Religion, Sea of Fire, Foxfire Swarm, Rising Flame


You were on level 7 of the Dungeon.
You worshipped Ignis.
Ignis was extremely pleased with you.
You visited 1 branch of the dungeon, and saw 7 of its levels.

You collected 292 gold pieces.

Inventory:

Hand Weapons
 a - a -1 short sword of flaming
 t - a +1 short sword of electrocution (weapon)
Missiles
 q - 144 stones
Armour
 b - +0 steam dragon scales
 n - a +2 kite shield (worn)
 A - a +1 robe of cold resistance
 J - a +0 troll leather armour (worn)
Jewellery
 d - a ring of positive energy (left hand)
 h - an amulet of faith
 p - a ring of ice (right hand)
Wands
 v - a wand of flame (27)
 y - a wand of acid (9)
 E - a wand of mindburst (11)
 F - a wand of iceblast (8)
 I - a wand of charming (6)
Scrolls
 c - 6 scrolls of teleportation {unknown}
 e - a scroll of acquirement {unknown}
 f - 2 scrolls of fog {unknown}
 j - 7 scrolls of identify {unknown}
 l - 2 scrolls of silence {unknown}
 m - a scroll of enchant weapon {unknown}
 o - a scroll of noise {unknown}
 w - a scroll of vulnerability {unknown}
 x - 2 scrolls of magic mapping {unknown}
 G - a scroll of brand weapon {unknown}
Potions
 g - a potion of flight {unknown}
 i - a potion of brilliance {unknown}
 k - a potion of might {unknown}
 r - 4 potions of curing {unknown}
 s - 2 potions of degeneration {unknown}
 u - a potion of haste {unknown}
 z - a potion of heal wounds {unknown}
 B - 2 potions of attraction {unknown}
 C - a potion of resistance {unknown}
 D - a potion of lignification {unknown}
 H - a potion of mutation {unknown}


   Skills:
 + Level 9.0 Fighting
 - Level 2.6 Short Blades
 * Level 9.5 Spellcasting


You had 17 spell levels left.
You knew the following spells:

 Your Spells              Type           Power      Damage    Failure   Level
a - Stone Arrow           Conj/Erth      86%        3d12      4%          3
b - Sandblast             Erth           86%        2d18      1%          1
c - Blink                 Tloc           N/A        N/A       2%          2
d - Scorch                Fire           86%        2d9       2%          2
e - Tukima's Dance        Hex            43%        N/A       4%          3
Your spell library was empty.

Dungeon Overview and Level Annotations

Branches:
Dungeon (7/15)             Temple (0/1) D:5

Altars:
Ashenzari
Dithmenos
Fedhas
Kikubaaqudgha
Qazlal
Wu Jian


Innate Abilities, Weirdness & Mutations

You are immune to sickness and miasma.
You are immune to poison.
Your flesh is very heat resistant. (rF++)
You are vulnerable to cold. (rC-)
You float through the air rather than walking.
You learn spells naturally, not from books.
Your magical power is your life essence.
You have superior vitality. (+4 HP)


Message History

Things that are here:
+0 steam dragon scales; a steam dragon corpse b - +0 steam dragon scales
Found 7 atropa-tipped darts.
Found a blossoming altar of Fedhas.
Found an ancient bone altar of Kikubaaqudgha.
v - a wand of flame (27) (gained 13 charges)
An acid dragon comes into view.
The acid dragon roars!
The acid dragon spits acid at you. The splash of acid hits you!!
The acid corrodes you!
Casting: Stone Arrow (dangerous; 4% risk of failure)
Confirm with . or Enter, or press ? or * to list all spells.
The stone arrow misses the acid dragon.
The acid dragon spits acid at you. The splash of acid hits you!!
* * * LOW HITPOINT WARNING * * *
The acid corrodes you!
Casting: Stone Arrow (dangerous; 4% risk of failure)
Confirm with . or Enter, or press ? or * to list all spells.
Aiming: Stone Arrow (dangerous; 4% risk of failure)
Press: ? - help, Shift-Dir - straight line, f/p - acid dragon
Aim: an acid dragon (catching its breath, 76% to hit)
The stone arrow hits the acid dragon!
The acid dragon is severely wounded.
* * * LOW HITPOINT WARNING * * *
Unknown command.
The acid dragon bites you!
* * * LOW HITPOINT WARNING * * *
You block the acid dragon's attack.
Casting: Stone Arrow (dangerous; 4% risk of failure)
Confirm with . or Enter, or press ? or * to list all spells.
Aiming: Stone Arrow (dangerous; 4% risk of failure)
Press: ? - help, Shift-Dir - straight line, f/p - acid dragon
Aim: an acid dragon (severely wounded, 76% to hit)
The stone arrow hits the acid dragon.
The acid dragon is almost dead.
* * * LOW HITPOINT WARNING * * *
The acid dragon spits acid at you. The splash of acid hits you!!
You die...

#.#.......#
#.#.#####.#
#.#.......#
#.######..### #####
#...##.... .#
....#.#####.##.#.#..#
......##....##...#..#
########.#######.D..#
...............#@#.##
######...#####.#.# #
# ##### #...# # #####
####### #.. .......
#.# # ........# #.#.#
........########.#.#
...................#


You could see an acid dragon (catching breath).

Vanquished Creatures
  A manticore (D:6)
  A gargoyle (D:7)
  A troll (D:7)
  A yak (D:6)
  A steam dragon (D:7)
  Menkaure (D:4)
  A water moccasin (D:7)
  2 ice beasts
  An orc warrior (D:6)
  2 sky beasts
  2 black bears (D:6)
  2 necrophages
  An ogre (D:6)
  2 centaurs (D:7)
  2 phantoms
  A kobold brigand (D:7)
  A bullfrog (D:6)
  2 gnoll sergeants (D:6)
  3 scorpions
  A water moccasin zombie (D:6)
  A wyvern skeleton (D:5)
  A howler monkey (D:6)
  2 centaur zombies (D:5)
  3 bullfrog zombies (D:5)
  6 orc priests
  4 hounds
  A jelly (D:6)
  A bullfrog skeleton (D:5)
  An iguana (D:5)
  3 orc wizards
  2 scorpion zombies (D:5)
  2 hound zombies (D:5)
  A hound skeleton (D:5)
  4 gnolls (D:6)
  A howler monkey skeleton (D:5)
  A river rat (D:4)
  8 adders
  2 white imps (D:6)
  3 ufetubi
  2 worms
  2 dart slugs
  16 orcs
  3 bats
  5 endoplasms (D:1)
  4 giant cockroaches
  2 goblins
  6 hobgoblins
  3 quokkas (D:1)
  10 ball pythons
  6 frilled lizards
  14 kobolds
  11 rats
160 creatures vanquished.

Vanquished Creatures (others)
  11 fungi (D:6)
11 creatures vanquished.

Grand Total: 171 creatures vanquished

Notes
Turn   | Place    | Note
-------+----------+-------------------------------------------
     0 | D:1      | lunkers the Djinni Cinder Acolyte began the quest for the
                  | Orb.
     0 | D:1      | Reached XP level 1. HP: 20/20 MP: 0/0
   119 | D:1      | Reached XP level 2. HP: 22/25 MP: 0/0
   760 | D:1      | Reached XP level 3. HP: 26/30 MP: 0/0
   760 | D:1      | Learned a level 1 spell: Sandblast
  1784 | D:2      | Reached XP level 4. HP: 21/37 MP: 0/0
  2281 | D:2      | Reached XP level 5. HP: 33/41 MP: 0/0
  2281 | D:2      | Learned a level 2 spell: Blink
  2752 | D:2      | Found a faded altar of an unknown god.
  3297 | D:3      | Reached XP level 6. HP: 43/47 MP: 0/0
  3906 | D:3      | Found a stormy altar of Qazlal.
  3977 | D:4      | Noticed a necrophage
  4332 | D:3      | Killed a necrophage
  4648 | D:4      | Noticed a necrophage
  4651 | D:4      | Noticed Menkaure
  4654 | D:4      | Killed a necrophage
  4655 | D:4      | Reached skill level 5 in Spellcasting
  4655 | D:4      | Reached XP level 7. HP: 41/53 MP: 0/0
  4655 | D:4      | Learned a level 3 spell: Stone Arrow
  4659 | D:4      | Killed Menkaure
  4660 | D:4      | Reached skill level 5 in Fighting
  5363 | D:4      | Found a shadowy altar of Dithmenos.
  5578 | D:5      | Entered Level 5 of the Dungeon
  5925 | D:5      | Reached XP level 8. HP: 56/60 MP: 0/0
  6420 | D:5      | Found a staircase to the Ecumenical Temple.
  7064 | D:6      | Found an ornate altar of the Wu Jian Council.
  7067 | D:6      | Reached XP level 9. HP: 52/67 MP: 0/0
  7067 | D:6      | Learned a level 3 spell: Tukima's Dance
  7159 | D:6      | Found a broken altar of Ashenzari.
  7453 | D:6      | Noticed a manticore
  7456 | D:6      | Killed a manticore
  8214 | D:6      | Reached XP level 10. HP: 7/76 MP: 0/0
  8597 | D:7      | Noticed a gargoyle
  8604 | D:7      | Killed a gargoyle
  9644 | D:7      | Found a blossoming altar of Fedhas.
  9730 | D:7      | Killed from afar by an acid dragon

Illustrated notes

Levels and vault maps discovered:
D:1:      matt_arrival_refuge, layout_basic, minmay_strange_pillars,
          minmay_tetromino_o4
D:2:      cheibrodos_pilgrimage, layout_loops_ring,
          shapermc_ecumenical_altar_notcrosses
D:3:      layout_basic, nicolae_qazlal_eye_of_the_storm,
          kennysheep_generic_room_15
D:4:      layout_gridville, mainiacjoe_overflow_alcove_2, portal_sewer_entry_e,
          uniq_menkaure
D:5:      minmay_angry_zag, layout_basic, minmay_temple_entry_from_below_b,
          serial_undead, serial_undead_c, serial_undead_a, serial_undead_b,
          serial_undead_e
D:6:      minmay_bubble_buster, layout_rooms,
          mainiacjoe_overflow_catch_the_wave, hex_medium
D:7:      layout_basic, grunt_temple_overflow_growth_and_decay

Skill      XL: |  1  2  3  4  5  6  7  8  9 10 |
---------------+-------------------------------+-----
Spellcasting   | 3 4 5 7 8 9 |  9.5
Fighting       | 4 5 6 8 9 |  9.0
Short Blades   | |  2.6

Action                   |  1- 3 |  4- 6 |  7- 9 | 10-12 || total
-------------------------+-------+-------+-------+-------++-------
Melee: Short sword       |    16 |     1 |     3 |     2 ||    22
 Cast: Scorch            |    44 |    64 |    51 |       ||   159
       Stone Arrow       |       |       |    77 |    39 ||   116
       Sandblast         |       |       |     3 |     5 ||     8
Armor: Robe              |     8 |     3 |     4 |     4 ||    19
       Troll leather arm |       |       |       |     6 ||     6
Dodge: Dodged            |     7 |     9 |    33 |     2 ||    51
Block: Kite shield       |       |       |       |     2 ||     2

Table legend: (Time is in decaauts)
 A = Elapsed time spent in this place.
 B = Non-inter-level travel time spent in this place.
 C = Inter-level travel time spent in this place.
 D = Time resting spent in this place.
 E = Time spent auto-exploring this place.
 F = Levels seen in this place.
 G = Mean time per level.
                   A        B        C        D        E       F      G
               +--------+--------+--------+--------+--------+-----+--------+
         Total |   9734 |   9362 |    372 |   1664 |   6639 |   7 | 1390.6 |
       Dungeon |   9734 |   9362 |    372 |   1664 |   6639 |   7 | 1390.6 |
               +--------+--------+--------+--------+--------+-----+--------+

Top non-repeatable levels by time:
     D:1: 1958 daAuts
     D:6: 1570 daAuts
     D:5: 1442 daAuts
     D:3: 1353 daAuts
     D:2: 1176 daAuts
     D:7: 1140 daAuts
     D:4: 1093 daAuts
